Cogmind - Beta 14 @@@ ROGUE MODE // 2024.10.20 @ 21:23:05 Player: XDRM Result: Destroyed by S-10 Pest with Light Assault Rifle Performance ------------- Evolutions (1) 500 Regions Visited (2) 400 Robots Destroyed (23) 115 Value Destroyed (321) 321 Prototype IDs (2) 40 Alien Tech Used (0) 0 Bonus (0) 0 TOTAL SCORE: 1376 Bonus ------- None Cogmind --------- Core Integrity 0/400 Matter 300/300 Energy 100/100 System Corruption 0% Temperature Cool (0) Movement Core (50) Location -9/Materials Parts ------- > --- POWER (1) -------- (None) > --- PROPULSION (4) --- (None) > --- UTILITY (2) ------ Transport Network Coupler > --- WEAPON (2) ------- Hammer > --- INVENTORY (5) ---- Light Nuclear Core Hacking Suite Hacking Suite Hacking Suite Hacking Suite Peak State ------------ > --- POWER ------------ Light Ion Engine > --- PROPULSION ------- Flight Unit Flight Unit Flight Unit Flight Unit > --- UTILITY ---------- Heat Sink Transport Network Coupler > --- WEAPON ----------- Hammer Hammer > --- INVENTORY -------- Light Nuclear Core Hacking Suite Hacking Suite Hacking Suite [Rating: 10] Favorites ----------- Power Light Ion Engine Engine Light Ion Engine Propulsion Flight Unit Wheel Compact Wheel Flight Unit Flight Unit Utility Heat Sink Device Heat Sink Storage Small Storage Unit Processor Transport Network Coupler Weapon Hammer Energy Gun EM Pulse Gun Ballistic Cannon Light Cannon Launcher Grenade Launcher Impact Weapon Hammer Build | -11 -10 -9 ------- Run | Yrd Mat Mat Slots Evolved 2 | . . 2 Power . | . . . Propulsion 2 | . . 2 Utility . | . . . Weapon . | . . . Parts Attached 21 | 7 9 5 Power 2 | 1 1 . Engine 2 | 1 1 . Core . | . . . Reactor . | . . . Propulsion 7 | 2 2 3 Treads . | . . . Leg . | . . . Wheel 2 | 2 . . Hover . | . . . Flight 5 | . 2 3 Utility 3 | 1 2 . Device 1 | . 1 . Storage 1 | 1 . . Processor 1 | . 1 . Hackware . | . . . Protection . | . . . Artifact . | . . . Weapon 9 | 3 4 2 Energy Gun 4 | 3 1 . Energy Cannon . | . . . Ballistic Gun . | . . . Ballistic Cannon 1 | . 1 . Launcher 1 | . . 1 Special Weapon . | . . . Impact Weapon 3 | . 2 1 Slashing Weapon . | . . . Piercing Weapon . | . . . Special Melee Weapon . | . . . Unidentified Prototypes . | . . . Parts Lost 9 | . 1 8 Power 2 | . 1 1 Propulsion 5 | . . 5 Utility 1 | . . 1 Weapon 1 | . . 1 Highest Loss Streak 7 | . 1 7 To Critical Strikes . | . . . Average Slot Usage (%) 85 | . 86 84 Engine 11 | . 14 8 Wheel 6 | . 11 . Flight 23 | . 16 33 Device 7 | . 6 10 Storage 3 | . 6 . Processor 6 | . 3 11 Energy Gun 6 | . 11 . Launcher 2 | . . 6 Impact Weapon 15 | . 16 15 Peak Build Rating 10 | 6 7 10 Average Rating 6 | 4 6 7 On Entrance 4 | . 6 7 Naked Turns . | . . . Heaviest Build 13 | 12 13 9 Greatest Support 32 | 32 32 16 Greatest Overweight (x) 1 | . . 1 Average Overweight (x) . | . . . Largest Inventory Capacity 8 | 8 8 5 Average Capacity 5 | 7 6 5 Most Carried 8 | 2 8 5 Average Carried 4 | 1 4 4 Final Capacity 8 | 8 5 5 Final Carried 5 | 2 5 5 Class Distribution -------------------- 70% | Mutant 25% | Scavenger-Sprinter 3% | Scavenger-Mutant Dominant Class ---------------- Mutant | -10/Materials Scavenger-Sprinter | -9/Materials Resources | -11 -10 -9 ----------- Run | Yrd Mat Mat Matter Collected 445 | 188 149 108 Remotely . | . . . Salvage Created 592 | . 172 420 Parts 20 | . 8 12 Haulers Intercepted 3 | . 1 2 Recyclers Shooed 1 | . . 1 Parts Field Recycled . | . . . Retrieved Matter . | . . . Parts Self-Destructed . | . . . Prevented . | . . . Kills | -11 -10 -9 ------- Run | Yrd Mat Mat Combat Hostiles Destroyed 12 | . 3 9 Melee 1 | . . 1 Guns 2 | . 2 . AOE 7 | . 1 6 Classes Destroyed 7 | . 5 2 Builder 2 | . 1 1 Hauler 3 | . 1 2 Recycler 3 | . . 3 Operator 1 | . 1 . Watcher 2 | . 1 1 Swarmer 8 | . 3 5 Grunt 4 | . . 4 Best Kill Streak 7 | . 4 7 Combat Bots Only 6 | . 3 6 Max Kills in Single Turn 3 | . 1 3 Gunslinging . | . . . Exploded 3 | . 1 3 Melee 1 | . . 1 Uniques/NPCs Destroyed . | . . . Combat | -11 -10 -9 -------- Run | Yrd Mat Mat Hostile Shots Fired 122 | . 22 100 Missed 40 | . 11 29 Damage Taken 899 | . 174 725 Core 472 | . 70 402 Absorbed by Shields . | . . . Core Remaining (%) 86 | 100 72 . Volleys Fired 16 | . 11 5 Largest 2 | . 2 1 Hottest 80 | . 80 30 Shots Fired 27 | . 22 5 Gun 22 | . 22 . Cannon . | . . . Launcher 5 | . . 5 Special . | . . . Kinetic . | . . . Thermal . | . . . Explosive 5 | . . 5 Electromagnetic 22 | . 22 . Robot Hit Streak 3 | . 3 . Robot Miss Streak 5 | . 5 . Penetration Max . | . . . Secondary Targets . | . . . Shots Hit Robots 34 | . 12 22 Core Hits 21 | . 5 16 Critical Kills . | . . . Critical Parts Destroyed 1 | . . 1 Critical Strikes 1 | . . 1 Smash 1 | . . 1 Melee Attacks 57 | . 13 44 Impact 57 | . 13 44 Slashing . | . . . Piercing . | . . . Sneak Attacks 6 | . 1 5 Combat Hostiles . | . . . Follow-up Attacks 2 | . . 2 Damage Inflicted 1530 | . 367 1163 Guns 165 | . 165 . Cannons . | . . . Explosions 451 | . 88 363 Melee 914 | . 114 800 Ramming . | . . . Kinetic . | . . . Thermal 88 | . 88 . Explosive 363 | . . 363 Electromagnetic 165 | . 165 . Impact 914 | . 114 800 Slashing . | . . . Piercing . | . . . Highest Corruption . | . . . Average Corruption . | . . . Corruption Purged . | . . . Corruption Blocked . | . . . Overload Shots . | . . . Overflow Damage 254 | . 26 228 Projectiles . | . . . Explosions . | . . . Melee 254 | . 26 228 Knockbacks 3 | . 1 2 Impact 3 | . 1 2 Kinetic . | . . . Secondary . | . . . Self-Inflicted Damage 67 | . 35 32 Shots 2 | . 1 1 Rammed . | . . . Targets Rammed . | . . . Kicked . | . . . Crushed . | . . . Highest Temperature 102 | . 102 1 Average Temperature 43 | . 44 1 Received Heat Transfer 132 | . . 132 Siege Activations . | . . . Robots Corrupted 8 | . 2 6 Combat Hostiles 2 | . . 2 Parts Fried 18 | . 6 12 Impact Corruptions 18 | . 4 14 Robots Melted . | . . . Combat Hostiles . | . . . Parts Melted . | . . . Heat Transferred 100 | . 100 . Parts Sabotaged . | . . . Parts Stolen . | . . . Parts Stripped . | . . . Power Chain Reactions 2 | . 2 . Alert | -11 -10 -9 ------- Run | Yrd Mat Mat Peak Influence 362 | . 163 362 Initial 64 | . . 64 Average 178 | . 125 293 Maximum Alert Level 1 | . . 1 Low Security (%) 63 | 100 100 7 Level 1 36 | . . 92 Level 2 . | . . . Level 3 . | . . . Level 4 . | . . . Level 5 . | . . . High Security . | . . . Max Security . | . . . Squads Dispatched 2 | . 2 . Investigation 1 | . 1 . Extermination . | . . . Reinforcement 1 | . 1 . Assault . | . . . Garrison . | . . . Intercept . | . . . Searches Triggered . | . . . Construction Impeded . | . . . Haulers Reinforced . | . . . Active Scanning Responses . | . . . Cargo Convoy Interrupts . | . . . Stealth | -11 -10 -9 --------- Run | Yrd Mat Mat Distress Signals 1 | . 1 . Communications Jammed . | . . . Distress Signals . | . . . Times Spotted 18 | . 5 13 Peak Tracking Total 6 | . 4 6 Tactical Retreats . | . . . Traps | -11 -10 -9 ------- Run | Yrd Mat Mat Traps Triggered 1 | . 1 . Indirectly . | . . . Trap Hack Attempts . | . . . Triggered . | . . . Disarmed . | . . . Reprogrammed . | . . . Reused . | . . . Traps Extracted . | . . . Installed . | . . . Triggered . | . . . Machines | -11 -10 -9 ---------- Run | Yrd Mat Mat Machines Disabled 1 | . 1 . Max in Single Turn 1 | . 1 . Machines Repaired . | . . . Machines Dismantled . | . . . Machines Sabotaged . | . . . Overloaded Fab Kills . | . . . Hacking | -11 -10 -9 --------- Run | Yrd Mat Mat Machines Accessed 5 | . 4 1 Terminals 4 | . 3 1 Fabricators . | . . . Repair Stations . | . . . Recycling Units 1 | . 1 . Scanalyzers . | . . . Garrison Access . | . . . Total Hacks 11 | . 7 4 Successful 7 | . 4 3 Failed 4 | . 3 1 Catastrophic 2 | . 2 . Database Lockouts . | . . . Manual 8 | . 5 3 Terminals 8 | . 4 4 Fabricators . | . . . Repair Stations . | . . . Recycling Units 3 | . 3 . Scanalyzers . | . . . Garrison Access . | . . . Terminal Hacks 5 | . 2 3 Prototype ID Bank 1 | . . 1 Terminal Index 2 | . 1 1 Locate Traps 1 | . . 1 Hauler Manifests 1 | . 1 . Fabricator Hacks . | . . . Repair Station Hacks . | . . . Recycling Unit Hacks 1 | . 1 . Report Inventory 1 | . 1 . Scanalyzer . | . . . Garrison Access Hacks . | . . . Unauthorized Hacks 1 | . 1 . Terminals 1 | . 1 . Operators 1 | . 1 . Fabricators . | . . . Repair Stations . | . . . Recycling Units . | . . . Scanalyzers . | . . . Garrison Access . | . . . Data Cores Recovered . | . . . Used . | . . . Hacking Detections 3 | . 3 . Full Trace Events 1 | . 1 . Feedback Events . | . . . Feedback Blocked . | . . . Robot Schematics Acquired . | . . . Robots Built . | . . . Authchips . | . . . Time . | . . . Total Robot Build Rating . | . . . Part Schematics Acquired . | . . . Parts Built . | . . . Authchips . | . . . Time . | . . . Total Part Build Rating . | . . . Parts Repaired . | . . . Time . | . . . Parts Recycled . | . . . Recycled Matter . | . . . Retrieved Matter . | . . . Retrieved Components . | . . . Parts Scanalyzed . | . . . Part Schematics Acquired . | . . . Parts Damaged . | . . . Bothacking | -11 -10 -9 ------------ Run | Yrd Mat Mat Used RIF Installer . | . . . Robots Hacked . | . . . Non-combat . | . . . Combat . | . . . Robot Hacks Applied . | . . . Relay Couplers Released . | . . . Fabnet Peak Effective % . | . . . Robots Rewired . | . . . Allies Hacked . | . . . Hacks Repelled . | . . . Allies | -11 -10 -9 -------- Run | Yrd Mat Mat Total Allies . | . . . Largest Group . | . . . Highest-Rated Group . | . . . Highest-Rated Ally . | . . . Total Orders . | . . . Ally Attacks . | . . . Total Damage . | . . . Kills . | . . . Allies Corrupted . | . . . Allies Melted . | . . . Intel | -11 -10 -9 ------- Run | Yrd Mat Mat Robot Analysis Total . | . . . Derelict Logs Recovered . | . . . Drone Launches . | . . . Drone Recoveries . | . . . Exploration | -11 -10 -9 ------------- Run | Yrd Mat Mat Turns Passed 555 | 56 280 219 Spaces Moved 630 | 45 385 200 Core 18 | 2 . 16 Treads . | . . . Legs . | . . . Wheels 111 | 43 68 . Hover . | . . . Flight 501 | . 317 184 Fastest Speed 31 | 50 37 31 Average Speed 48 | 97 48 39 Slowest Speed 120 | 100 100 120 Overloaded Moves . | . . . Propulsion Burnouts . | . . . Robots Hopped 1 | . 1 . Cave-ins Triggered . | . . . Exploration Rate (%) 26 | 3 49 26 Regions Visited 2 Branch Regions . Pre-discovered Areas . | . . . Known Exits Taken . | . . . Unknown Exits Taken 2 | 1 1 . Scrap Searched . | . . . Spaces Dug 3 | . 2 1 Terrain Destroyed 32 | . 12 20 Melee 3 | . 2 1 Projectile . | . . . AOE 29 | . 10 19 Terrain Rammed . | . . . Walls Destroyed . | . . . Machines Disabled . | . . . Actions | -11 -10 -9 --------- Run | Yrd Mat Mat Total 748 | 53 434 261 Wait 4 | . 2 2 Move 626 | 44 382 200 Hop 1 | . 1 . Pick Up 16 | 2 9 5 Fast Attach 10 | 6 4 . Attach 5 | . 1 4 Detach . | . . . Swap 6 | 1 4 1 Drop 10 | . 8 2 Fire 16 | . 11 5 Melee 54 | . 12 42 Ram . | . . . Kick . | . . . Crush . | . . . Escape Stasis . | . . . Rewire . | . . . Trap . | . . . Miscellaneous . | . . . Route ------- -11/Scrapyard -10/Materials (discovered 2 exits: *Mat / [*Min]) -9/Materials (discovered 2 exits: [*Min] / [*Sto]) History --------- Turn | Location | Event 5 | -11/Scrapyard | Discovered new exit (range 16) 57 | -11/Scrapyard | Entered Materials 209 | -10/Materials | Discovered new exit (range 8) 307 | -10/Materials | Build established: Mutant 332 | -10/Materials | Discovered new exit (range 10) 337 | -10/Materials | Entered another Materials area 337 | -9/Materials | Evolved 2 slots: Propulsion x2 388 | -9/Materials | Discovered new exit (range 16) 485 | -9/Materials | Discovered new exit (range 10) 524 | -9/Materials | Core integrity fell below 50% 536 | -9/Materials | Core integrity fell below 20% 556 | -9/Materials | Destroyed by S-10 Pest with Light Assault Rifle Last Messages --------------- 00513_ S-10 Pest system terminally corrupted. 00513_ Flight Unit fried. 00513_ S-10 Pest IFF system glitched. 00513_ K-01 Serf collects debris. 00515_ S-10 Pest misfires. 00516_ K-01 Serf collects debris. 00523_ Flight Unit destroyed. 00523_ K-01 Serf cleans the Recycling Unit. 00525_ S-10 Pest misfires. 00527_ K-01 Serf collects debris. 00527_ Hammer follow-up attack on S-10 Pest. 00527_ S-10 Pest destroyed. 00530_ K-01 Serf cleans the Recycling Unit. 00534_ Heat Sink destroyed. 00538_ K-01 Serf collects debris. 00539_ S-10 Pest knocked back. 00543_ Hammer follow-up attack on S-10 Pest. 00544_ K-01 Serf collects debris. 00546_ S-10 Pest misfires. 00555_ Hammer destroyed. Map ----- +----------------------------------------------------+ | ?????# #??????????????????????????????????????? | | ?????# #??????????????????????????????????????? | | ?????# #??????????????????????????????????????? | | ?????# #??????????????????????????????????????? | | ?????# #??????????????????????????????????????? | | ?????# #??????????????????????????????????????? | | ?????# #??????????????????????????????????????? | | ?????# #??????????????????????????????????????? | | ?????# #??????????????????????????????????????? | | ?????# #??????????????????????????????????????? | | ?????# #?????????????? ??????????????????????? | | ?????# #?????????????? ??????????????????????? | | ?????# #?????????????? ??????????????????????? | | ?????# #?????????????? #?????????????????????? | | ?????# #?????????????? #?????????????????????? | | ?????# #?????????????? #?????????????????????? | | ??####+####??????????? #?????????????????????? | | ?# #??????????# #?????????????????????? | | ?# """"" #??????????# #?????????????????????? | | ?# """"" #??????????# #?????????????????????? | | ?# """"" !#?????????## ##????????????????????? | | ?# """"" #?????????# ####+????????????????? | | ?# """"" #?????????+ ?????????????????? | | ?# """"" #?????????# < ???????????????????? | | ?# """"" #?????????# #????????????????????? | | ?# #????#######@ #?????????????????????? | | ?######+######## #?????????????????????? | | ?????# #?????????????????????? | | ?????# """Y #?????????????????????? | | ?????####T### ##*[%"Y" s#?????????????????????? | | ????????#### ###% ########??????????????? | | ???????????##??#[ + #????????????? | | ???????????????# [# """ #????????????? | | ???????????????# / =%# """ !?????????????? | | ???????????????# =#? """ ??????????????? | | ?????????????# #?? ???????????????? | | ?????????????# +???"" ??????????????? | | ?????????????############???"" ??????????????? | | ?????????????????????????????"?? ?????????????? | | ??????????????????????????????????????????????? | | ??????????????????????????????????????????????? | | | | | | | | | | | | | | | | | | | +----------------------------------------------------+ Best States ------------- Heat Dissipation 38 Energy Generation 10 Energy Capacity 125 Matter Stores 300 Matter Capacity 300 Sight Range 16 Terrain Scan Density 10 Evasion (%) 63 Item Schematics ----------------- None Robot Schematics ------------------ None Fabricated ------------ Nothing Alien Tech Used ----------------- None Achievements -------------- None Challenges ------------ None Game ------ Seed DynamicAlloyCasing Manual? 0 Play Time 00:17:19 Cumulative 42.8 hours Start 2024.10.20 @ 03:42:18 End 2024.10.20 @ 21:23:05 Sessions 4 Manual Loads 0 Difficulty Rogue Special Mode None Game No. 36 Rogue 36 Adventurer 0 Explorer 0 Win Type - Total 0 Types 0/0/0/0/0/0/0/0/0 Lore% 20 Gallery% 30 Achievement% 30 Wizard Run 0 Options --------- Layout 1 ASCII 0 Keyboard 0 Movement Mouse Keybinds 0 Fullscreen 2 Font 24/X11 Map View 50x35 Zoom Use 0% Tactical HUD 1 Map Filters NONE Filters NONE Steam 1 RUN: 4b10194f-a655-4c79-8313-16b4f9089d9e